AoeStats
← Marbas

Four Lakes

508068486Analyzed
1v1 RM · 12d ago on Sep 20, 2026· 30m 38s· 2 players
Game mode
Random Map
Map size
Tiny (2 player)
Population
200
Speed
Normal
Resources
Standard
Victory
Conquest
Starting age
Dark Age
Ending age
Imperial Age
RankedLock teamsTeams togetherTeam positionsShared explorationLock speedFull tech treeHidden civsTurbo modeCheats
Victory
Defeat
🇧🇷 Huns · Brazil
1859
+14
🇷🇺 Japanese · Russia
1826
-14
Marbas
9:52 Feudal Age
10:19 Double-Bit Axe
13:21 Fletching
14:09 Man-at-Arms
17:39 Castle Age
18:03 Loom
18:23 Bodkin Arrow
20:14 Crossbowman
21:52 Padded Archer Armor
21:54 Gold Mining
23:43 Bow Saw
24:23 Leather Archer Armor
24:23 Town Watch
30:35 Wheelbarrow
30:43 Gold Shaft Mining
p4rtY3oY
4:27 Loom
10:11 Feudal Age
10:26 Man-at-Arms
11:03 Double-Bit Axe
13:48 Fletching
18:36 Castle Age
17:13 Padded Archer Armor
18:11 Horse Collar
19:33 Bodkin Arrow
20:39 Bow Saw
22:09 Gold Mining
24:50 Husbandry
27:17 Leather Archer Armor
28:18 Bloodlines
29:28 Thumb Ring
30:05 Ballistics
30:15 Light Cavalry
Connection lost

Rejoining the realm…

Still unreachable

The connection could not be restored.

Session expired

The server has moved on; the page needs a fresh start.